AoeStats
← Schwarzschild

Arabia

507617893Analyzed
1v1 RM · 15d ago on Sep 19, 2026· 49m 29s· 2 players
Game mode
Random Map
Map size
Tiny (2 player)
Population
200
Speed
Normal
Resources
Standard
Victory
Conquest
Starting age
Dark Age
Ending age
Imperial Age
RankedLock teamsTeams togetherTeam positionsShared explorationLock speedFull tech treeHidden civsTurbo modeCheats
Victory
Defeat
🇺🇸 Wei · United States
1550
+17
🇵🇪 Khitans · Peru
1571
-17
Math Masterson
6:45 Loom
9:21 Feudal Age
10:07 Double-Bit Axe
10:12 Horse Collar
15:50 Wheelbarrow
19:50 Castle Age
18:22 Fletching
19:23 Gold Mining
20:02 Padded Archer Armor
20:33 Bodkin Arrow
20:55 Bow Saw
21:43 Heavy Plow
25:18 Bloodlines
26:39 Ballistics
27:51 Gold Shaft Mining
27:51 Hand Cart
28:41 Stone Mining
29:05 Town Watch
33:09 Imperial Age
31:18 Leather Archer Armor
31:37 Husbandry
31:45 Scale Barding Armor
32:51 Forging
33:24 Chain Barding Armor
34:06 Bracer
35:18 Chemistry
33:50 Pikeman
35:15 Parthian Tactics
35:15 Thumb Ring
35:55 Ring Archer Armor
36:12 Scale Mail Armor
36:40 Halberdier
37:42 Chain Mail Armor
38:39 Conscription
40:40 Iron Casting
42:04 Light Cavalry
43:46 Squires
46:33 Blast Furnace
45:50 Masonry
Schwarzschild
6:44 Loom
9:17 Feudal Age
9:48 Double-Bit Axe
9:54 Domestication
16:43 Gold Mining
20:00 Castle Age
18:20 Forging
18:43 Scale Barding Armor
20:35 Town Watch
21:09 Bow Saw
21:40 Iron Casting
22:22 Wheelbarrow
24:02 Chain Barding Armor
25:18 Husbandry
28:35 Fletching
31:10 Hand Cart
33:35 Imperial Age
31:03 Elite Skirmisher
31:39 Bodkin Arrow
32:41 Padded Archer Armor
34:55 Plate Barding Armor
33:43 Heavy Camel Rider
36:26 Conscription
37:25 Bracer
38:43 Ballistics
41:20 Chemistry
44:34 Two-Man Saw
43:35 Pastoralism
44:38 Light Cavalry
47:10 Hussar
Connection lost

Rejoining the realm…

Still unreachable

The connection could not be restored.

Session expired

The server has moved on; the page needs a fresh start.